 Dungeon Crawl Stone Soup version 0.28.0 (webtiles) character file.

Game seed: 10476497130292054474

35 Nonny the Magician (level 3, -3/18 HPs)
             Began as a Vine Stalker Wanderer on Feb 6, 2022.
             Was a Believer of Elyvilon.
             Slain by a worm (4 damage)
             ... on level 3 of the Dungeon.
             The game lasted 00:12:57 (1048 turns).

Nonny the Magician (Vine Stalker Wanderer)          Turns: 1048, Time: 00:12:58

Health: -3/18      AC:  3    Str: 11    XL:     3   Next: 33%
Magic:  0/10       EV: 11    Int: 17    God:    Elyvilon [**....]
Gold:   56         SH:  0    Dex: 13    Spells: 10/12 levels left

rFire   . . .      SeeInvis .   a - +0 dagger
rCold   . . .      Faith    .   (no shield)
rNeg    . . .      Spirit   +   b - +0 robe
rPois   .          Reflect  .   (no helmet)
rElec   .          Harm     .   (no cloak)
rCorr   .          Rampage  .   j - +0 pair of gloves
Will    .....                   (no boots)
Stlth   ++........              (no amulet)
HPRegen 0.06/turn               (no ring)
MPRegen 0.12/turn               (no ring)

@: no status effects
A: fangs 2, magic shield, antimagic bite, no potion heal 2
a: Renounce Religion, Purification, Heal Other


You were on level 3 of the Dungeon.
You worshipped Elyvilon.
Elyvilon was pleased with you.
You visited 1 branch of the dungeon, and saw 3 of its levels.

You collected 56 gold pieces.

Inventory:

Hand Weapons
 a - a +0 dagger (weapon)
Missiles
 f - 7 poisoned darts (quivered)
Armour
 b - a +0 robe (worn)
 j - a +0 pair of gloves (worn)
Scrolls
 d - a scroll of identify
Potions
 c - a potion of attraction
 e - a potion of haste
 i - a potion of curing


   Skills:
 + Level 1.8 Fighting
 - Level 1.0 Throwing
 - Level 1.0 Armour
 * Level 2.0 Stealth
 - Level 5.0 Spellcasting
 + Level 1.2 Air Magic


You had 10 spell levels left.
You knew the following spells:

 Your Spells              Type           Power      Damage    Failure   Level
a - Shock                 Conj/Air       24%        1d4       11%         1
b - Sting                 Tmut/Pois      16%        1d3       14%         1

Your spell library contained the following spells:

 Spells                   Type           Power      Damage    Failure   Level
 Beastly Appendage        Tmut           8%         N/A       14%         1
 Swiftness                Air            8%         N/A       26%         3
 Ozocubu's Armour         Ice            4%         N/A       38%         3
 Portal Projectile        Hex/Tloc       8%         N/A       38%         3


Dungeon Overview and Level Annotations

Branches:
Dungeon (3/15)

Altars:
Elyvilon


Innate Abilities, Weirdness & Mutations

You have extremely sharp teeth.
When hurt, damage is shared between your health and your magic reserves.
Your bite disrupts and absorbs the magic of your enemies.
Potions cannot restore your health.


Message History

The orc is heavily wounded.
You barely miss something. You hit something. You bite something.
Something hits you.
You miss something.
You hear some strange, mumbled words.
You are confused.
You bump into the rock wall.
Something hits you.
You barely miss something. Something hits you.
You barely miss something. Your bite misses something. Something hits you.
You closely miss something. Something hits you but does no damage.
You bump into the rock wall.
Something hits you but does no damage.
You bump into the rock wall.
Something hits you.
You feel less confused.
A magic dart appears from out of thin air!
The magic dart hits you!
* * * LOW HITPOINT WARNING * * *
Unknown command.
Okay, then.
As you read the scroll labelled MUHORE JAXE, it crumbles to dust.
You feel strangely unstable.
It was a scroll of teleportation.
A magic dart appears from out of thin air!
The magic dart hits you.
* * * LOW HITPOINT WARNING * * *
Enter note: MUHORE JAXE - teleportation Your surroundings suddenly seem different.
A ball python and a worm come into view.
The helpless ball python fails to defend itself.
You puncture the ball python!
You kill the ball python!
You see here a ball python corpse.
The helpless worm fails to defend itself.
You hit the worm.
The worm is moderately wounded.
The worm bites you but does no damage.
You completely miss the worm. You bite the worm. You drain its power.
You feel invigorated.
The worm is moderately wounded.
You hear an angry hiss.
The worm bites you.
You die...

###
#.##
#@.#
#.w##+
#.# +#


You could see a worm.

Vanquished Creatures
  A worm (D:2)
  A dart slug (D:1)
  4 bats
  2 endoplasms (D:2)
  A giant cockroach (D:1)
  A hobgoblin (D:2)
  7 jackals
  3 kobolds
  4 ball pythons
  3 frilled lizards
  3 rats
30 creatures vanquished.

Vanquished Creatures (others)
  A plant (D:1)
1 creature vanquished.

Grand Total: 31 creatures vanquished

Notes
Turn   | Place    | Note
-------+----------+-------------------------------------------
     0 | D:1      | Nonny the Vine Stalker Wanderer began the quest for the
                  | Orb.
     0 | D:1      | Nonny set off with the following items: a +0 dagger, a +0
                  | robe, a potion of attraction; and the following spells
                  | available to memorise: Shock, Beastly Appendage, Sting,
                  | Swiftness, Ozocubu's Armour, Portal Projectile
     0 | D:1      | Reached XP level 1. HP: 11/11 MP: 6/6
     2 | D:1      | Learned a level 1 spell: Shock
     4 | D:1      | Learned a level 1 spell: Sting
    46 | D:1      | Starting vault: the skull with statues for beard stubble.
    46 | D:1      | Or 3-legged AMOGUS.
    46 | D:1      | Or a jellyfish.
   107 | D:1      | Found a faded altar of an unknown god.
   129 | D:1      | Prayed at the altar of an unknown god.
   129 | D:1      | Became a worshipper of Elyvilon the Healer
   129 | D:1      | Reached * piety under Elyvilon
   295 | D:1      | Reached skill level 1 in Stealth
   295 | D:1      | Reached XP level 2. HP: 15/15 MP: 6/8
   368 | D:1      | Vault: lots of crystal walls.
   471 | D:2      | lumpy ruby potion - haste
   471 | D:2      | TISOTZ ZEKA - identify
   522 | D:2      | Reached ** piety under Elyvilon
   699 | D:2      | Reached skill level 5 in Spellcasting
   720 | D:2      | Vault: crystal walls with four trees in the chamber.
   809 | D:2      | Reached XP level 3. HP: 18/18 MP: 8/10
   812 | D:2      | plain gloves
   826 | D:2      | fuming dark potion - curing
   989 | D:3      | RIECRO GAFALOT - silence
  1012 | D:3      | First orc wizard.
  1043 | D:3      | MUHORE JAXE - teleportation
  1048 | D:3      | Slain by a worm

Illustrated notes ##.########## ...........# #.........# #.........# #.........# #.........# ##..8############ #..............# #..8##..@#####.# #####.....# #.# ##.<.## #.# #.#######.....# #.# #......8##...#####.# #...#..............# ## #..8############ #...... #....... Turn 46 on D:1: Starting vault: the skull with statues for beard stubble. #.#(8.###.8.###.⌠.#..##.# #..#.#.###.###.#.#...##.. ##.####.#.#.#.####.#.#### ##.##.⌠.###.⌠.##........ ##.##.#.#.#.##.#.....## ##..#.....#..##...#... #....##....###...#### #.####..##.###...# #...@..###.##....# ######.# #..#.#..### #.# ##........## # ##.##..#..# ...##...#.# #..####.#...# #.# #.###.. #.. #.# ##. #. #.# #. Turn 368 on D:1: Vault: lots of crystal walls. ...........#... ............... .............. #............ #............ #....S...$... ##.......K.... #.....@......# #............. ............### ............... .##............ #..#......#### ........##.# ..###.### .# Turn 471 on D:2: lumpy ruby potion - haste ............. #............ #............ #............ #......... #.....# ###'#### ############......## #.........#.....@..# #.........#...♣....# #.........#.....♣..+ #.........'..♣.....# ######..###....♣...# ..#####†..#........# ..........##......## ..######...####+### .## ...... Turn 720 on D:2: Vault: crystal walls with four trees in the chamber.

...###.##.##..
....#......#...........#
....#.(........#.......#
.♣..'.).....<.?........#
....#..................#
♣...#........#.........#
....#........##........#
...##.....#..##........#
'###.....##..# #@......######
..........#.................#
........#.##.####......###..#
........#..#.#....##...###.##
.............#....##.....#.#
.............#....##.......#
...................#.......#
...................##....#.#####
#####..........................##


Turn 812 on D:2: plain gloves ............# ............#... ..# ...........
#...## .... ....# ...# #..... ...# #'#### #....#....#....#
.....###.##.##...#....### ......#......#...........# .♣....#.(........#.......#
...♣..'.).....<.@........# ♣.....#..................# ..♣...#........#.........#
......#........##........# .....##.....#..##........#
##'###.....##..###.......###### ............#.................#
..........#.##.####......###..# ..........#..#.#....##...###.## Turn 826 on D:2:
fuming dark potion - curing # #.##### ..#.....## .........###### .......@.......
............... ............... ............... ..h............ ...$...........
.......$..l.... ..#.....#...... Turn 989 on D:3: RIECRO GAFALOT - silence
.......... ........ ..o.... ....o .... #oo #.# #@# . #h##### ....#hh...##
K.....l.....###### ..........<....... .................. ..................
....K............. .................. Turn 1012 on D:3: First orc wizard.
........ ....... ..... .... #oo #o# #{# . #†##### ....#)@...##
............###### ..........<....... .................. ..................
.................. .................. ......$........... .........$....... Turn
1043 on D:3: MUHORE JAXE - teleportation

Levels and vault maps discovered:
D:1:      psy_arrival_basics, layout_rooms,
          shapermc_ecumenical_altar_mp_ritualfount, grunt_decor_mini_mirrors
D:2:      layout_rooms, kennysheep_another_room
D:3:      minmay_chambers_of_threes, layout_rooms

Skill      XL: |  1  2  3 |
---------------+----------+-----
Stealth        | 1 2 |  2.0
Spellcasting   | 5 |  5.0
Fighting       | |  1.8
Throwing       | |  1.0
Armour         | |  1.0
Air Magic      | |  1.2

Action                   || total
-------------------------++-------
Melee: Dagger            ||    66
       Bite              ||    15
 Cast: Sting             ||    22
       Shock             ||    10
  Use: Scroll            ||     4
 Stab: Sleeping          ||     2
Armor: Robe              ||    31
Dodge: Dodged            ||    53
